 Dungeon Crawl Stone Soup version 0.30.1-11-g7821555f0a (webtiles) character file.

Game seed: 6280185554608195242

9 monsoonserge the Conjurer (level 2, 0/10 (17) HPs)
             Began as a Tengu Reaver on Jan 12, 2024.
             Slain by a kobold
             ... wielding a +0 dagger
              (3 damage)
             ... on level 1 of the Dungeon.
             The game lasted 00:00:55 (179 turns).

monsoonserge the Conjurer (Tengu Reaver)             Turns: 179, Time: 00:00:56

HP:   0/10 (17)     AC:  3    Str: 12    XL:     2   Next: 16%
MP:   3/6           EV: 11    Int: 13    God:
Gold: 19            SH:  0    Dex: 12    Spells: 4/5 levels left

rFire   . . .        a - +0 mace
rCold   . . .        (no shield)
rNeg    . . .        b - +0 leather armour
rPois   .            (helmet restricted)
rElec   .            (no cloak)
rCorr   .            (no gloves)
SInv    .            (boots unavailable)
Will    .....        (no amulet)
Stlth   +            (no ring)
HPRegen 0.21/turn    (no ring)
MPRegen 0.10/turn

%: no passive effects
@: very slightly contaminated, very heavily drained
A: beak, talons 3
a: no special abilities


You were on level 1 of the Dungeon.
You visited 1 branch of the dungeon, and saw 1 of its levels.

You collected 19 gold pieces.

Inventory:

Hand Weapons
 a - a +0 mace (weapon)
 e - a +0 short sword of holy wrath
Armour
 b - a +0 leather armour (worn)
Scrolls
 c - a scroll of identify {unknown}
 d - a scroll of torment {unknown}
 f - a scroll of poison {unknown}
 g - a scroll of teleportation {unknown}


   Skills:
 + Level 2.0 Fighting
 + Level 3.4 Maces & Flails
 + Level 2.2 Dodging
 - Level 2.0 Spellcasting
 + Level 4.3 Conjurations
 * Level 0.7 Necromancy


You had 4 spell levels left.
You knew the following spells:

 Your Spells              Type           Power      Damage    Failure   Level
a - Kiss of Death         Conj/Necr      28%        2d7       12%         1

Your spell library contained the following spells:

 Spells                   Type           Power      Damage    Failure   Level
 Momentum Strike          Conj/Tloc      12%        3d8       21%         2
 Hailstorm                Conj/Ice       6%         3d4       36%         3


Dungeon Overview and Level Annotations

Branches:
Dungeon (1/15)

Altars:


Innate Abilities, Weirdness & Mutations

You have a beak for a mouth.
You have claws for feet.


Message History

Confirm with . or Enter, or press ? or * to list all spells.
Aiming: Kiss of Death (safe; 12% risk of failure)
Press: ? - help, Shift-Dir - straight line, f - jackal
Aim: a jackal (100% to hit)
The negative energy hits the jackal!
The jackal is drained!
You kill the jackal!
You feel drained. The jackal bites you.
* * * LOW HITPOINT WARNING * * *
The jackal closely misses you.
Casting: Kiss of Death (safe; 12% risk of failure)
Confirm with . or Enter, or press ? or * to list all spells.
Aiming: Kiss of Death (safe; 12% risk of failure)
Press: ? - help, Shift-Dir - straight line, f - jackal
Aim: a jackal (100% to hit)
You miscast Kiss of Death.
You are very lightly contaminated with residual magic.
Nothing appears to happen.
The jackal bites you but does no damage.
Casting: Kiss of Death (safe; 12% risk of failure)
Confirm with . or Enter, or press ? or * to list all spells.
Aiming: Kiss of Death (safe; 12% risk of failure)
Press: ? - help, Shift-Dir - straight line, f/p - jackal
Aim: a jackal (100% to hit)
The negative energy hits the jackal!
The jackal is drained!
You kill the jackal!
You feel drained.
Unknown command.
You hit the frilled lizard.
The frilled lizard is heavily wounded.
The frilled lizard barely misses you.
You closely miss the frilled lizard. Your kick misses the frilled lizard.
Your peck misses the frilled lizard.
The frilled lizard is heavily wounded.
The frilled lizard closely misses you.
You closely miss the frilled lizard. Your kick misses the frilled lizard.
The frilled lizard misses you.
You sock the frilled lizard!
You kill the frilled lizard!
The kobold hits you with a +0 dagger.
You die...

####### ....... ## .......
#. ....... ######## #.
.......###@.....##########.
......K#rK†.....'.......)..
.......#.#......######.....
.......'.#......# #.....
.......###......# #....#
....... #......# #....#
....... #......# #....#
+###### #......# ##....
#......# #.###


You could see a kobold and a rat.

Vanquished Creatures
  A dart slug (D:1)
  4 jackals (D:1)
  A quokka (D:1)
  A frilled lizard (D:1)
7 creatures vanquished.

Notes
Turn   | Place    | Note
-------+----------+-------------------------------------------
     0 | D:1      | monsoonserge the Tengu Reaver began the quest for the Orb.
     0 | D:1      | Reached XP level 1. HP: 12/12 MP: 4/4
   173 | D:1      | Reached XP level 2. HP: 2/17 MP: 6/6
   179 | D:1      | Slain by a kobold

Illustrated notes

Levels and vault maps discovered:
D:1:      minmay_arrival_stair_chambers, layout_basic, serial_shops, shop

Action                     || total
---------------------------++-------
  Melee: Mace              ||    21
         Peck              ||     4
         Kick              ||     1
   Cast: Kiss of Death     ||     2
 Armour: Leather armour    ||    18
  Dodge: Dodged            ||    31
